 Dungeon Crawl Stone Soup version 0.29.1-15-g9cfb28693d (webtiles) character file.

Game seed: 4137938099296690204

1405 LustLizard the Firebug (level 8, -2/66 HPs)
             Began as a Hill Orc Fire Elementalist on Mar 26, 2023.
             Was a Believer of Beogh.
             Slain by a human
             ... wielding a +2 vorpal hand axe
              (5 damage)
             ... on level 7 of the Dungeon.
             The game lasted 00:15:17 (6443 turns).

LustLizard the Firebug (Hill Orc Fire Elementalist) Turns: 6443, Time: 00:15:18

Health: -2/66      AC:  8    Str: 13    XL:     8   Next: 70%
Magic:  0/12       EV: 11    Int: 17    God:    Beogh [**....]
Gold:   67         SH:  5    Dex:  6    Spells: 6/13 levels left

rFire   . . .      SeeInvis .   u - +0 war axe
rCold   . . .      Faith    .   (no shield)
rNeg    . . .      Spirit   .   v - +1 robe of Bepulu {rPois Str+2 Dex-5}
rPois   +          Reflect  +   (no helmet)
rElec   .          Harm     .   e - +0 cloak {rPois}
rCorr   .          Rampage  .   (no gloves)
Will    .....                   (no boots)
Stlth   ++........              r - amulet of reflection
HPRegen 0.21/turn               g - +4 ring of protection
MPRegen 0.13/turn               (no ring)

@: no status effects
A: no striking features
a: Renounce Religion, Smiting


You were on level 7 of the Dungeon.
You worshipped Beogh.
Beogh was pleased with you.
You visited 1 branch of the dungeon, and saw 6 of its levels.
You also visited: Bailey.

You collected 177 gold pieces.
You spent 110 gold pieces at shops.

Inventory:

Hand Weapons
 u - a +0 war axe (weapon)
Missiles
 i - 12 poisoned darts
Armour
 a - a +0 robe
 e - a +0 cloak of poison resistance (worn)
 v - the +1 robe of Bepulu (worn) {rPois Str+2 Dex-5}
   (You found it on level 5 of the Dungeon)

   Str:       It affects your strength (+2).
   Dex:       It affects your dexterity (-5).
   rPois:     It protects you from poison.
Jewellery
 g - a +4 ring of protection (left hand)
 r - an amulet of reflection (around neck)
Scrolls
 d - a scroll of enchant weapon
 q - a scroll of poison {unknown}
 s - a scroll of teleportation {unknown}
 t - 2 scrolls of amnesia {unknown}
Potions
 b - 2 potions of magic
 c - 3 potions of brilliance
 f - a potion of ambrosia {unknown}
 h - a potion of attraction {unknown}
 k - a potion of curing {unknown}
 l - a potion of degeneration {unknown}
 m - 2 potions of might
 n - a potion of haste {unknown}
 p - a potion of flight {unknown}


   Skills:
 + Level 4.0 Fighting
 - Level 1.5 Dodging
 + Level 3.7 Stealth
 + Level 3.1 Spellcasting
 - Level 1.8 Conjurations
 * Level 3.4 Transmutations
 + Level 5.5 Fire Magic
 * Level 4.2 Poison Magic


You had 6 spell levels left.
You knew the following spells:

 Your Spells              Type           Power      Damage    Failure   Level
a - Foxfire               Conj/Fire      60%        2x1d7     3%          1
b - Sting                 Tmut/Pois      60%        1d6       3%          1
c - Ignite Poison         Fire/Tmut/Pois 17%        N/A       9%          3
d - Scorch                Fire           42%        2d7       2%          2

Your spell library contained the following spells:

 Spells                   Type           Power      Damage    Failure   Level
 Conjure Flame            Conj/Fire      15%        6-21      12%         3
 Inner Flame              Hex/Fire       12%        N/A       17%         3
 Call Imp                 Summ           2%         N/A       26%         2
 Flame Wave               Conj/Fire      15%        2d7       36%         4
 Corpse Rot               Necr/Pois/Air  7%         N/A       67%         4


Dungeon Overview and Level Annotations

Branches:
Dungeon (7/15)             Bailey (visited)
 Temple: D:4-7

Altars:
Hepliaklqana
Makhleb
Okawaru
Ru
Vehumet
Wu Jian
Xom

Shops:
D:2 :   D:5 *

Annotations:
D:5 2 transporters, Calibrex's ghost, novice TrFi


Message History

A bullfrog comes into view.
A human comes into view. It is wielding a +2 vorpal hand axe.
The human shouts!
The bullfrog croaks.
There is an empty arch of ancient stone here.
There is a gate leading back out of this place here.
The human hits you with a +2 vorpal hand axe!
* * * LOW HITPOINT WARNING * * *
x2 Welcome back to the Dungeon!
You hear the hiss of flowing sand.
There is an entrance to an ossuary on this level.
Hurry and find it before the portal is buried!
You hear the slow hiss of a very distant avalanche of sand.
There is an empty arch of ancient stone here.
Okay, then.
Okay, then.
Casting: Foxfire (safe; 3% risk of failure)
Confirm with . or Enter, or press ? or * to list all spells.
You conjure some foxfire!
The human hits you with a +2 vorpal hand axe.
* * * LOW HITPOINT WARNING * * *
x2 The human hits your foxfire with a +2 vorpal hand axe.
Unknown command.
Casting: Foxfire (safe; 3% risk of failure)
Confirm with . or Enter, or press ? or * to list all spells.
You conjure some foxfire!
The foxfire hits the human but does no damage.
The foxfire hits the human.
The human is lightly wounded.
The human closely misses you.
The human hits your foxfire with a +2 vorpal hand axe.
Casting: Foxfire (safe; 3% risk of failure)
Confirm with . or Enter, or press ? or * to list all spells.
Flames lash the human.
The human is moderately wounded.
The human's fire resistance burns away.
The foxfire hits the human but does no damage.
The human is moderately wounded.
The foxfire hits the human but does no damage.
The human is moderately wounded.
The human hits you with a +2 vorpal hand axe.
You die...

########## #........#
#......>.#
#######........#
................####
...................###
.............≈≈~≈≈...#
.....>.......≈..p≈.#
.........###.~§@>~.#?..
.........# #.≈§§§≈.....
.........# #.≈≈~≈≈.##..
.......†####...........
........§v((.#####.....
...................##..
+###.............. # .
##.#.....####.#
#.............


You could see a human (combustible).

Vanquished Creatures
  3 humans (Bailey)
  2 water moccasins (D:5)
  A sky beast (D:7)
  3 scorpions (D:5)
  2 hounds
  A jelly (D:5)
  2 orc priests (D:5)
  Jessica (D:2)
  An iguana (D:4)
  2 orc wizards
  Robin (D:2)
  3 gnolls (D:3)
  7 adders
  5 dart slugs
  2 worms
  24 orcs
  8 endoplasms
  A giant cockroach (D:2)
  21 goblins
  8 hobgoblins
  10 jackals
  4 kobolds
  8 quokkas
  3 ball pythons
  6 bats
  3 frilled lizards
  5 rats
137 creatures vanquished.

Vanquished Creatures (collateral kills)
  A foxfire (D:1)
1 creature vanquished.

Vanquished Creatures (others)
  A goblin (D:3)
  A bat (D:3)
  466 foxfires
  5 plants (D:3)
473 creatures vanquished.

Grand Total: 611 creatures vanquished

Notes
Turn   | Place    | Note
-------+----------+-------------------------------------------
     0 | D:1      | LustLizard the Hill Orc Fire Elementalist began the quest
                  | for the Orb.
     0 | D:1      | Reached XP level 1. HP: 14/14 MP: 3/3
   222 | D:1      | Got the Codex of Putrid Leadership
   230 | D:1      | Learned a level 1 spell: Sting
   241 | D:1      | Reached XP level 2. HP: 22/22 MP: 0/4
   585 | D:1      | Found a faded altar of an unknown god.
   886 | D:1      | Reached XP level 3. HP: 27/27 MP: 2/5
  1381 | D:2      | Learned a level 3 spell: Ignite Poison
  1563 | D:2      | Noticed Robin
  2058 | D:2      | Reached skill level 1 in Fighting
  2145 | D:2      | Reached XP level 4. HP: 35/35 MP: 3/6
  2149 | D:2      | Killed Robin
  2152 | D:2      | Noticed Jessica
  2207 | D:2      | Killed Jessica
  2208 | D:2      | Reached skill level 4 in Fire Magic
  2208 | D:2      | Reached skill level 1 in Poison Magic
  2375 | D:2      | Reached XP level 5. HP: 37/40 MP: 2/7
  2429 | D:2      | Found an ornate altar of the Wu Jian Council.
  2582 | D:2      | Found Ynics's Book Boutique.
  2816 | D:2      | Reached skill level 1 in Transmutations
  2885 | D:3      | Learned a level 2 spell: Scorch
  3084 | D:3      | Became a worshipper of Beogh the Brigand
  3092 | D:3      | Found a shimmering altar of Xom.
  3639 | D:4      | Found a burning altar of Makhleb.
  3728 | D:4      | Reached XP level 6. HP: 41/48 MP: 2/9
  4495 | D:4      | Found an iron altar of Okawaru.
  4500 | D:4      | Found a hazy altar of Hepliaklqana.
  4567 | D:4      | Reached * piety under Beogh
  4945 | D:5      | Entered Level 5 of the Dungeon
  5144 | D:5      | Found a transporter.
  5154 | D:5      | Found a transporter.
  5215 | D:5      | Found Xelucvef's Serpentskin Sales.
  5215 | D:5      | Noticed a water moccasin
  5215 | D:5      | Noticed a water moccasin
  5218 | D:5      | Killed a water moccasin
  5219 | D:5      | Reached XP level 7. HP: 56/56 MP: 3/10
  5481 | D:5      | Bought a +0 cloak of poison resistance for 110 gold pieces
  5640 | D:5      | Reached skill level 5 in Fire Magic
  5759 | D:5      | Identified the +1 robe of Bepulu {rPois Str+2 Dex-5}
  5864 | D:5      | Found a sacrificial altar of Ru.
  6157 | D:5      | Noticed Calibrex's ghost (novice TrFi)
  6204 | D:5      | Reached XP level 8. HP: 63/63 MP: 7/12
  6344 | D:5      | You fall into a shaft and drop 2 floors!
  6348 | D:7      | Found a radiant altar of Vehumet.
  6380 | D:7      | Found a flagged portal.
  6393 | D:7      | Reached ** piety under Beogh
  6418 | Bailey   | Entered a bailey
  6441 | D:7      | HP: 3/66 [human/+2 vorpal hand axe (3)]
  6443 | D:7      | Slain by a human

Illustrated notes

Levels and vault maps discovered:
D:1:      nicolae_arrival_washed_ashore, layout_basic,
          dreamdust_ecumenical_altar_grove
D:2:      layout_rooms, basic_altar, serial_shops, nicolae_lakefront_shop,
          uniq_robin, uniq_jessica
D:3:      layout_basic, mainiacjoe_overflow_alcove_4
D:4:      layout_cave_pools, lemuel_crystal_altar,
          amethyst_overflow_temple_binary, patterned_corridor
D:5:      layout_loops_cross, mainiacjoe_overflow_alcove_2,
          gammafunk_ghost_stat_death, guppyfry_shop_venom
D:7:      layout_rooms, trog_ov_bears_minmay, mainiacjoe_overflow_24_doors,
          nicolae_ashenzari_skybound, minmay_temple_entry_mini_moons,
          enter_bailey_5, enter_ossuary_2

Skill      XL: |  1  2  3  4  5  6  7  8 |
---------------+-------------------------+-----
Stealth        | 2 3 |  3.7
Fighting       | 1 2 3 4 |  4.0
Fire Magic     | 4 5 |  5.5
Poison Magic   | 1 2 3 4 |  4.2
Spellcasting   | 2 3 |  3.1
Transmutations | 1 2 3 |  3.4
Dodging        | |  1.5
Conjurations   | |  1.8

Action                   |  1- 3 |  4- 6 |  7- 9 || total
-------------------------+-------+-------+-------++-------
Melee: Unarmed           |     9 |       |       ||     9
       Club              |    12 |     9 |       ||    21
       Punch             |     1 |     1 |       ||     2
       Flail             |       |    22 |       ||    22
       War axe           |       |    15 |    31 ||    46
 Cast: Foxfire           |    81 |   126 |    60 ||   267
       Sting             |       |     8 |     2 ||    10
       Ignite Poison     |       |     2 |     1 ||     3
       Scorch            |       |     1 |     9 ||    10
Invok: Convert to Beogh  |       |     1 |       ||     1
Evoke: Wand              |       |       |     4 ||     4
  Use: Scroll            |       |     2 |     5 ||     7
       Potion            |       |       |     2 ||     2
 Stab: Sleeping          |       |     1 |       ||     1
Armor: Robe              |    21 |    16 |    20 ||    57
Dodge: Dodged            |    34 |    48 |    28 ||   110
Block: Other             |       |     4 |    16 ||    20
